 Dungeon Crawl Stone Soup version 0.19.1 (webtiles) character file.

42 Malachi the Firebug (level 3, -2/25 HPs)
             Began as a Demonspawn Fire Elementalist on Dec 18, 2016.
             Slain by Sigmund
             ... wielding a +3 scythe of flaming
              (3 damage)
             ... on level 2 of the Dungeon.
             The game lasted 00:04:30 (1862 turns).

Malachi the Firebug (Demonspawn Fire Elementalist)  Turns: 1862, Time: 00:04:31

Health: -2/25      AC:  4    Str:  8    XL:     3   Next: 35%
Magic:  2/6        EV: 12    Int: 17    God:
Gold:   45         SH:  0    Dex: 13    Spells: 3 memorised, 0 levels left

rFire  . . .     SeeInvis .     g - +0 dagger (curse)
rCold  . . .     Gourm    .     a - +0 robe
rNeg   . . .     Faith    .     (no shield)
rPois  .         Spirit   .     (no helmet)
rElec  .         Reflect  .     (no cloak)
rCorr  .         Harm     .     (no gloves)
MR     .....                    (no boots)
Stlth  +.........               (no amulet)
                                (no ring)
                                (no ring)

@: confused, flying, very slightly contaminated, hasted, very quick
A: icy blue scales 1
a: no special abilities


You were on level 2 of the Dungeon.
You were hungry.

You visited 1 branch of the dungeon, and saw 3 of its levels.

You collected 45 gold pieces.

Inventory:

Hand Weapons
 g - a cursed +0 dagger (weapon)
 h - a +0 dagger
Armour
 a - a +0 robe (worn)
Scrolls
 j - a scroll of remove curse {unknown}
 k - a scroll of teleportation {unknown}
 l - a scroll of identify {unknown}
 n - a scroll of amnesia {unknown}
Books
 b - a book of Flames

   Spells                             Type                      Level
   a - Flame Tongue                   Conjuration/Fire             1
   b - Throw Flame                    Conjuration/Fire             2
   c - Conjure Flame                  Conjuration/Fire             3
   d - Inner Flame                    Hexes/Fire                   3
   e - Sticky Flame                   Conjuration/Fire             4
   f - Fireball                       Conjuration/Fire             5
Comestibles
 c - 3 bread rations
 f - a royal jelly
 i - 2 beef jerkies
 m - 4 chunks of flesh


   Skills:
 + Level 0.4 Fighting
 + Level 0.3 Short Blades
 + Level 2.2 Dodging
 + Level 1.9 Stealth
 + Level 0.1 Unarmed Combat
 + Level 2.2 Spellcasting
 + Level 1.4 Conjurations
 + Level 3.1 Fire Magic


You couldn't memorise any spells.
You knew the following spells:

 Your Spells              Type           Power        Failure   Level  Hunger
a - Flame Tongue          Conj/Fire      #....        10%         1    #......
b - Throw Flame           Conj/Fire      #.....       14%         2    ###....
c - Conjure Flame         Conj/Fire      #.......     24%         3    ###....


Dungeon Overview and Level Annotations

Branches:
Dungeon (3/15)

Altars:

Annotations:
D:2 Sigmund


Innate Abilities, Weirdness & Mutations

You are partially covered in icy blue scales. (AC +2)


Message History

Press: ? - help, Shift-Dir - straight line, f - Sigmund
Aim: Sigmund, wielding a scythe of flaming and wearing a robe The flame tongue hits Sigmund.
Sigmund appears unharmed.
Sigmund hits you from afar with a scythe of flaming.
Sigmund burns you.
* * * LOW HITPOINT WARNING * * *
Sigmund gestures at you while chanting.
You are confused.
You bump into the rock wall.
It was a potion of haste.
You feel yourself speed up. Sigmund casts a spell at you.
You resist with significant effort.
It was a potion of flight.
You feel very buoyant.
You fly up into the air.
You bump into the rock wall.
Sigmund hits you from afar with a scythe of flaming.
* * * LOW HITPOINT WARNING * * *
Sigmund burns you.
You die...

#.# #.# #.# #####.#
### ...#.# ##..
#######.#.# #...
..........#
####$.######
######.#######
.....##@.@#
#.......[.
..##.#.###.#
#.>#######
#####.##.<## #.#
#..# ...#.##..# ..#
#..# #[#.#...##.#
.# #..#
#............ .#
#..# #...#...#...#
# #..#
#...#.#.#..@# #(.#
######...#.........
#..#


You could see Sigmund.

Vanquished Creatures
  A hound zombie (D:1)
  A leopard gecko (D:1)
  5 bats
  2 giant cockroaches (D:1)
  4 goblins (D:1)
  3 hobgoblins
  A kobold (D:1)
  A quokka (D:3)
  4 frilled lizards
  3 rats
25 creatures vanquished.

Notes
Turn   | Place    | Note
-------+----------+-------------------------------------------
     0 | D:1      | Malachi the Demonspawn Fire Elementalist began the quest for the Orb.
     0 | D:1      | Reached XP level 1. HP: 13/13 MP: 3/3
   222 | D:1      | Reached skill level 3 in Fire Magic
   227 | D:1      | Gained mutation: You are partially covered in icy blue scales. (AC +2) [demonic ancestry]
   227 | D:1      | Reached XP level 2. HP: 14/19 MP: 1/5
   371 | D:1      | Learned a level 2 spell: Throw Flame
  1288 | D:1      | Reached XP level 3. HP: 16/25 MP: 0/6
  1379 | D:2      | Noticed Sigmund
  1727 | D:3      | Learned a level 3 spell: Conjure Flame
  1737 | D:3      | Noticed an orc warrior
  1862 | D:2      | HP: 1/25 [Sigmund/scythe of flaming (6)]
  1862 | D:2      | Slain by Sigmund

Skill      XL: |  1 |
---------------+----+-----
Fire Magic     | 3 |  3.1
Dodging        | 2 |  2.2
Fighting       | |  0.4
Short Blades   | |  0.3
Stealth        | |  1.9
Unarmed Combat | |  0.1
Spellcasting   | |  2.2
Conjurations   | |  1.4

Action                   || total
-------------------------++-------
Melee: Unarmed           ||    11
       Dagger            ||    28
 Cast: Flame Tongue      ||    47
       Throw Flame       ||    11
  Use: Scroll            ||     1
       Potion            ||     2
  Eat: Chunk             ||     4
Armor: Robe              ||    22
Dodge: Dodged            ||    53
